Map: Heavy Artillery LE

Players

whiskynoob

  • Race: Protoss Protoss
  • Spawn Location: 1:00

RageKit

  • Race: Protoss Protoss
  • League: Platinum
  • Spawn Location: 3:00

Massa - Winner!

  • Race: Terran Terran
  • League: Platinum
  • Spawn Location: 7:00

qqq - Winner!

  • Race: Zerg Zerg
  • Spawn Location: 7:00

VOD

Have the link to the VOD?

Description

Time

  • Played on: Oct. 23, 2020, 5:09 p.m.
  • Length: 19:44
Show
View Real Time Build Order
Export as new Build Order

whiskynoob Protoss 

Build Orders: Oracle Opening 

Get SALT Encoding   

  12  0:01  Probe  
  13  0:13  Probe  
  14  0:34  Pylon  
  14  0:37  Probe  
  14  0:42  Assimilator  
  15  0:52  Probe  
  15  0:53  Gateway  
  16  1:05  Probe  
  16  1:06  Assimilator  
  17  1:17  Probe  
  18  1:29  Probe  
  19  1:41  Probe, Pylon  
  19  1:45  Pylon  
  20  1:53  Probe  
  21  2:05  Probe  
  21  2:06  Cybernetics Core  
  22  2:17  Probe  
  23  2:45  Stargate  
  23  2:48  Stargate  
  20  3:35  Probe  
  20  3:39  Oracle (Chrono Boost)  
  20  3:40  Oracle (Chrono Boost)  
  27  4:06  Protoss Air Weapons Level 1 (Chrono Boost)  
  27  4:17  Void Ray  
  31  4:32  Probe  
  32  4:44  Probe  
  33  4:56  Probe  
  33  4:59  Void Ray  
  38  5:08  Probe  
  38  5:10  Nexus  
  39  5:25  Nexus  
  39  5:33  Probe  
  34  5:36  Void Ray  
  38  5:50  Pylon  
  38  5:54  Fleet Beacon  
  38  5:55  Pylon  
  38  6:06  Nexus  
  38  6:09  Assimilator  
  38  6:15  Assimilator  
  38  6:17  Void Ray  
  36  6:49  Void Ray  
  28  7:09  Probe  
  25  7:21  Probe  
  20  7:36  Void Ray  
  20  7:39  Probe (Chrono Boost)  
  21  7:45  Probe (Chrono Boost)  
  23  7:56  Probe x2 (Chrono Boost)  
  28  8:01  Probe (Chrono Boost)  
  28  8:02  Probe x2 (Chrono Boost)  
  31  8:12  Probe (Chrono Boost)  
  32  8:18  Probe (Chrono Boost)  
  33  8:23  Probe (Chrono Boost)  
  33  8:26  Probe (Chrono Boost)  
  36  8:28  Probe x2 (Chrono Boost)  
  37  8:38  Probe  
  37  8:39  Probe  
  39  8:53  Protoss Air Armor Level 1  
  33  9:26  Void Ray x2  
  33  9:28  Flux Vanes  
  38  10:16  Probe  
  38  10:18  Void Ray x2  
  35  10:29  Probe (Chrono Boost)  
  44  10:38  Probe (Chrono Boost)  
  46  10:46  Probe (Chrono Boost)  
  46  10:48  Probe (Chrono Boost)  
  47  10:53  Probe x2 (Chrono Boost)  
  49  10:59  Void Ray (Chrono Boost)  
  49  11:02  Void Ray (Chrono Boost)  
  49  11:05  Probe (Chrono Boost)  
  49  11:10  Probe (Chrono Boost)  
  59  11:13  Probe (Chrono Boost)  
  59  11:17  Probe (Chrono Boost)  
  61  11:19  Probe  
  62  11:31  Probe  
  63  11:40  Protoss Air Weapons Level 2  
  63  11:44  Probe  
  64  12:00  Void Ray  
  68  12:13  Pylon  
  68  12:22  Void Ray  
  60  12:37  Void Ray  
  57  12:59  Void Ray  
  57  13:02  Probe  
  58  13:07  Assimilator  
  62  13:14  Probe, Void Ray  
  62  13:16  Nexus  
  63  13:26  Probe  
  68  13:37  Void Ray  
  68  13:39  Probe  
  73  13:51  Probe  
  73  13:52  Void Ray  
  70  13:55  Protoss Air Armor Level 2  
  61  14:14  Void Ray  
  61  14:15  Probe  
  51  14:24  Void Ray  
  51  14:29  Probe (Chrono Boost)  
  52  14:33  Probe (Chrono Boost)  
  57  14:43  Probe (Chrono Boost)  
  57  14:44  Probe (Chrono Boost)  
  59  14:49  Probe (Chrono Boost)  
  61  15:00  Probe (Chrono Boost)  
  61  15:05  Probe (Chrono Boost)  
  62  15:14  Pylon  
  62  15:15  Pylon  
  60  15:26  Void Ray x2 (Chrono Boost)  
  68  15:59  Void Ray x2 (Chrono Boost)  
Show
View Real Time Build Order
Export as new Build Order

RageKit Protoss 

Build Orders:  

Get SALT Encoding   

  12  0:00  Probe  
  13  0:13  Probe  
  14  0:28  Pylon  
  14  0:32  Probe (Chrono Boost)  
  15  0:40  Assimilator  
  15  0:45  Probe (Chrono Boost)  
  16  0:54  Probe  
  17  1:02  Gateway  
  17  1:06  Probe (Chrono Boost)  
  18  1:16  Probe (Chrono Boost)  
  19  1:21  Probe (Chrono Boost)  
  20  1:30  Nexus  
  20  1:34  Probe  
  21  1:46  Probe  
  22  1:58  Probe  
  23  2:03  Assimilator  
  22  2:17  Cybernetics Core  
  22  2:19  Pylon  
  22  2:22  Pylon  
  22  2:25  Probe  
  23  2:37  Probe  
  24  2:52  Stalker (Chrono Boost)  
  24  2:53  Warp Gate  
  26  3:00  Probe x2  
  26  3:04  Shield Battery  
  28  3:12  Probe x2  
  30  3:15  Zealot  
  32  3:35  Probe x2 (Chrono Boost)  
  34  3:45  Probe x2 (Chrono Boost)  
  36  3:49  Probe x2 (Chrono Boost)  
  36  3:54  Robotics Facility  
  38  3:58  Twilight Council  
  38  4:01  Probe (Chrono Boost)  
  40  4:07  Probe (Chrono Boost)  
  41  4:10  Probe (Chrono Boost)  
  41  4:14  Probe (Chrono Boost)  
  42  4:23  Probe  
  43  4:25  Probe  
  43  4:27  Pylon  
  43  4:31  Pylon  
  44  4:34  Assimilator  
  44  4:35  Probe  
  44  4:36  Assimilator  
  44  4:37  Probe, Pylon  
  46  4:40  Blink  
  46  4:42  Warp Prism  
  48  4:47  Probe  
  48  4:49  Gateway  
  48  4:50  Gateway  
  48  4:51  Gateway  
  49  4:55  Gateway  
  49  4:57  Gateway  
  49  4:59  Gateway  
  49  5:04  Probe (Chrono Boost)  
  49  5:05  Probe (Chrono Boost)  
  52  5:16  Probe x2 (Chrono Boost)  
  52  5:20  Probe x2 (Chrono Boost)  
  53  5:27  Dark Shrine  
  55  5:44  Nexus  
  55  5:45  Pylon  
  55  5:58  Assimilator  
  55  6:00  Assimilator  
  55  6:01  Pylon  
  55  6:17  Stalker  
  55  6:18  Stalker x6  
  65  6:24  Observer  
  70  6:26  Shield Battery  
  70  6:32  Forge  
  70  6:34  Forge  
  70  6:41  Shadow Stride  
  70  6:43  Charge  
  70  6:58  Stalker x3  
  70  6:59  Stalker x4  
  84  7:11  Probe x2  
  84  7:12  Probe  
  87  7:23  Probe x2  
  87  7:24  Probe  
  90  7:35  Probe x2  
  92  7:39  Dark Templar x7  
  92  8:16  Probe x3  
  95  8:26  Protoss Ground Weapons Level 1 (Chrono Boost)  
  95  8:28  Probe x3, Protoss Ground Armor Level 1 (Chrono Boost)  
  98  8:40  Probe x2  
  81  9:03  Stalker  
  81  9:04  Stalker x6  
  85  9:36  Pylon  
  85  9:40  Pylon  
  74  10:14  Templar Archives  
  74  10:18  Photon Cannon  
  74  10:20  Photon Cannon  
  74  10:21  Photon Cannon  
  74  10:23  Photon Cannon  
  74  10:25  Probe (Chrono Boost)  
  74  10:26  Probe (Chrono Boost)  
  74  10:27  Probe (Chrono Boost)  
  80  10:35  Probe (Chrono Boost)  
  80  10:36  Probe x2 (Chrono Boost)  
  80  10:39  Photon Cannon  
  80  10:41  Probe x2 (Chrono Boost), Photon Cannon, Psionic Storm  
  81  10:42  Photon Cannon  
  81  10:44  Photon Cannon x2  
  81  10:45  Probe (Chrono Boost), Pylon  
  81  10:46  Nexus, Pylon  
  81  10:47  Pylon  
  83  10:52  Probe (Chrono Boost)  
  83  10:53  Probe (Chrono Boost)  
  83  10:54  High Templar x3  
  83  10:55  High Templar x2  
  83  10:56  Probe (Chrono Boost)  
  96  10:58  Probe x2 (Chrono Boost)  
  96  11:02  Pylon  
  98  11:09  Pylon  
  98  11:13  Pylon  
  98  11:14  Observer  
  99  11:21  Shield Battery  
  99  11:27  Shield Battery  
  99  11:33  Probe x3  
  99  11:37  Photon Cannon  
  99  11:39  Photon Cannon  
  102  11:42  Photon Cannon  
  102  11:43  Pylon  
  102  11:45  Probe, Photon Cannon  
  100  12:08  Probe  
  101  12:09  Probe  
  101  12:10  Probe  
  101  12:11  Probe  
  104  12:20  Probe  
  104  12:21  Probe  
  104  12:23  Probe x2  
  106  12:32  Probe  
  107  12:42  Stalker x6  
  107  12:43  Stalker  
  117  12:59  Probe  
  117  13:00  Probe x3  
  117  13:05  Photon Cannon  
  121  13:07  Photon Cannon x2  
  118  13:26  Protoss Ground Weapons Level 2 (Chrono Boost), Protoss Ground Armor Level 2 (Chrono Boost)  
  118  13:27  Nexus  
  118  13:29  Pylon  
  118  13:31  Pylon  
  118  13:45  Observer  
  119  14:03  Nexus  
  119  14:07  Observer  
  120  14:30  Stargate  
  120  14:32  Stalker x2  
  120  14:33  Stalker x5  
  120  14:34  Stargate  
  120  14:36  Stargate  
  134  14:42  Photon Cannon  
  134  14:44  Photon Cannon  
  134  14:45  Photon Cannon  
  134  14:47  Photon Cannon  
  134  14:49  Photon Cannon  
  134  14:51  Photon Cannon  
  134  14:52  Photon Cannon  
  134  14:53  Photon Cannon  
  134  14:55  Probe x2  
  134  14:56  Probe x2, Shield Battery  
  134  14:58  Shield Battery  
  135  15:07  Probe x2  
  135  15:08  Probe x2  
  137  15:36  Fleet Beacon  
  137  15:42  Dark Templar x3  
  141  15:43  Dark Templar x4  
  75  16:15  Dark Templar x2  
  75  16:16  Dark Templar x4  
  65  16:57  Nexus  
  60  17:03  Nexus  
  59  17:22  Nexus  
  59  17:26  Nexus  
  59  17:29  Nexus  
  59  17:32  Nexus  
  59  17:35  Nexus  
  58  17:38  Nexus  
  58  17:42  Nexus  
  54  17:46  Nexus  
  54  17:51  Nexus  
  37  18:39  Nexus  
  37  18:45  Nexus  
  37  18:52  Nexus  
  8  19:12  Nexus  
Show
View Real Time Build Order
Export as new Build Order

Massa Terran - Winner!

Build Orders: Gas First Reaper Expand 

Get SALT Encoding   

  12  0:00  SCV  
  13  0:12  SCV  
  14  0:24  SCV  
  14  0:25  Supply Depot  
  15  0:31  Refinery  
  15  0:46  SCV  
  15  0:48  Barracks  
  16  0:59  SCV  
  17  1:11  SCV  
  18  1:23  SCV  
  19  1:35  Orbital Command  
  19  1:37  Reaper  
  20  1:44  Command Center  
  20  2:06  SCV, Supply Depot  
  21  2:11  Factory  
  21  2:18  SCV, Marine  
  23  3:01  Factory Reactor  
  23  3:04  Barracks Reactor  
  23  3:09  SCV  
  23  3:11  Orbital Command  
  24  3:21  SCV  
  25  3:33  SCV  
  26  3:45  SCV  
  26  3:49  Hellion x2  
  26  3:50  Marine x2  
  26  3:52  SCV  
  33  3:58  SCV  
  33  4:00  Starport  
  33  4:01  Refinery  
  34  4:05  SCV, Factory  
  34  4:07  Barracks  
  34  4:08  Marine x2  
  37  4:10  SCV  
  37  4:11  Hellion x2  
  43  4:17  SCV  
  43  4:18  Refinery  
  43  4:19  Engineering Bay  
  43  4:22  SCV  
  44  4:26  Marine  
  44  4:29  SCV  
  46  4:36  Supply Depot  
  46  4:38  Supply Depot  
  46  4:42  Supply Depot  
  46  4:46  Marine  
  46  4:49  SCV  
  46  4:51  Factory Tech Lab  
  46  4:52  Starport Reactor  
  46  4:55  Marine  
  46  4:58  Widow Mine x2  
  50  5:04  Marine  
  51  5:13  Missile Turret  
  51  5:14  Missile Turret  
  51  5:16  Missile Turret  
  51  5:18  Cyclone  
  51  5:19  Widow Mine  
  56  5:26  Marine x2  
  53  5:39  Missile Turret  
  53  5:41  Barracks Tech Lab  
  53  5:43  Marine  
  53  5:44  Marine  
  55  5:54  SCV x2  
  57  6:00  Medivac  
  57  6:01  Marine  
  60  6:06  SCV x2  
  60  6:07  Marine  
  67  6:18  SCV  
  67  6:19  Marine  
  67  6:25  Armory, Marine  
  66  6:26  Medivac  
  68  6:39  SCV x2  
  70  6:49  Refinery  
  70  6:50  Stimpack  
  70  6:53  Supply Depot  
  70  6:55  Supply Depot  
  70  6:58  Terran Infantry Weapons Level 1, Supply Depot  
  70  7:15  SCV x2, Marine x2  
  72  7:27  SCV  
  65  7:32  Marine x2  
  65  7:33  Hellion x2  
  71  7:37  Thor  
  71  7:40  Marauder  
  79  7:50  Marine x2  
  81  7:54  Hellion  
  81  7:55  Hellion  
  85  8:02  Marauder  
  87  8:05  Command Center  
  87  8:08  Marine  
  88  8:14  Marine  
  88  8:18  Command Center  
  89  8:23  Marauder  
  89  8:26  Marine  
  92  8:28  Medivac  
  94  8:42  Supply Depot  
  94  8:43  Supply Depot  
  94  8:44  Supply Depot  
  94  8:45  Supply Depot  
  94  9:03  Marine, Medivac, Thor  
  97  9:23  Orbital Command  
  95  9:24  SCV  
  95  9:25  SCV  
  95  9:37  SCV x2  
  97  9:46  Thor  
  97  9:47  Factory  
  97  9:49  SCV x2  
  105  9:53  Smart Servos  
  105  9:56  Factory  
  105  9:57  Terran Infantry Armor Level 1, Terran Vehicle Weapons Level 1  
  105  10:01  SCV x2  
  105  10:02  Orbital Command, Engineering Bay  
  107  10:11  Widow Mine x2  
  107  10:12  Marine  
  107  10:13  SCV x2, Marauder, Marine  
  117  10:19  Barracks  
  117  10:21  Combat Shield  
  117  10:30  Marine  
  117  10:31  Marine  
  117  10:32  Widow Mine, SCV  
  117  10:33  Widow Mine  
  117  10:34  Marauder  
  126  10:41  Refinery  
  126  10:44  Refinery, SCV  
  126  10:48  Marine  
  126  10:49  Marine  
  129  10:53  Refinery  
  129  10:54  Widow Mine  
  129  10:55  Marine  
  129  10:56  SCV  
  133  11:06  Marine x2  
  133  11:08  SCV  
  136  11:13  Marine  
  137  11:18  Refinery  
  137  11:19  Factory Tech Lab  
  137  11:30  Marine  
  137  11:32  Terran Infantry Weapons Level 2  
  138  11:33  Barracks  
  138  11:36  Factory Tech Lab  
  138  11:39  Thor x2  
  150  11:40  Armory  
  150  11:41  Factory Tech Lab  
  150  11:52  SCV  
  150  11:53  SCV x3  
  154  12:04  SCV  
  154  12:05  SCV  
  156  12:12  Missile Turret  
  156  12:16  Missile Turret  
  156  12:18  SCV x2  
  156  12:26  Supply Depot  
  156  12:27  Supply Depot x2  
  156  12:29  Supply Depot x2  
  156  12:32  Missile Turret, Supply Depot  
  156  12:37  Missile Turret  
  156  12:47  SCV x2, Thor  
  156  12:48  Thor x2  
  156  12:49  SCV x2  
  156  12:50  Missile Turret, Thor  
  184  12:51  Supply Depot  
  184  12:55  Supply Depot  
  174  12:59  SCV x2  
  174  13:00  Supply Depot  
  174  13:01  SCV, Marauder, Marine  
  174  13:02  Marine  
  174  13:05  Barracks Tech Lab  
  181  13:08  Marine  
  181  13:09  Marine  
  181  13:10  Missile Turret  
  181  13:11  SCV x2  
  181  13:12  SCV  
  186  13:13  SCV  
  186  13:19  Marine  
  188  13:20  Marine  
  188  13:22  Marauder  
  188  13:23  SCV  
  188  13:26  Marine  
  188  13:27  Marine  
  193  13:30  Missile Turret, Thor  
  200  13:42  Command Center  
  200  13:50  Missile Turret  
  196  14:09  Missile Turret  
  196  14:11  Missile Turret  
  196  14:30  Missile Turret  
  196  14:38  Missile Turret x3  
  196  14:39  Missile Turret  
  196  14:43  Missile Turret  
  196  14:44  Missile Turret  
  196  14:47  Missile Turret  
  196  14:48  Missile Turret  
  196  14:50  Missile Turret  
  196  14:57  Missile Turret  
  196  14:58  Missile Turret  
  196  14:59  Planetary Fortress, Missile Turret  
  196  15:00  Command Center  
  196  15:07  Missile Turret  
  196  15:09  Missile Turret  
  196  15:14  Terran Vehicle Weapons Level 2, Terran Vehicle And Ship Armor Level 1  
  196  15:15  Terran Infantry Armor Level 2, Terran Infantry Weapons Level 3  
  196  15:26  Missile Turret  
  196  15:28  Missile Turret  
  196  15:45  Missile Turret  
  196  15:47  Missile Turret  
  151  16:06  Missile Turret  
  151  16:07  Missile Turret  
  138  16:26  Missile Turret  
  138  16:27  Missile Turret  
  129  16:46  Missile Turret  
  121  16:54  Marauder x2  
  121  16:57  Marine x2  
  121  16:58  Marine x2  
  121  16:59  Thor x4  
  151  17:05  Orbital Command  
  151  17:15  Marine  
  154  17:16  Marauder x2  
  158  17:37  Marauder  
Show
View Real Time Build Order
Export as new Build Order

qqq Zerg - Winner!

Build Orders: Hatch First 

Get SALT Encoding   

  12  0:02  Drone  
  13  0:09  Drone  
  14  0:41  Hatchery  
  13  0:48  Drone  
  14  0:55  Spawning Pool  
  13  1:07  Overlord  
  13  1:08  Drone  
  14  1:15  Extractor  
  14  1:16  Drone  
  14  1:25  Drone  
  15  1:39  Drone  
  16  1:41  Queen  
  16  1:43  Drone  
  19  1:59  Zergling x2  
  19  2:00  Drone  
  21  2:03  Drone  
  22  2:11  Queen  
  24  2:17  Drone  
  24  2:20  Drone x2  
  27  2:27  Zergling x2  
  28  2:33  Overlord  
  28  2:44  Lair  
  28  2:51  Extractor  
  27  2:53  Drone x2  
  27  2:54  Drone  
  30  2:59  Drone x4  
  34  3:19  Drone x2  
  36  3:27  Overlord  
  36  3:31  Hatchery  
  35  3:34  Extractor  
  35  3:40  Drone x2  
  36  3:45  Drone x3  
  36  3:47  Overlord  
  39  3:55  Spire  
  38  3:56  Drone  
  38  3:58  Drone  
  40  4:03  Drone x2  
  40  4:05  Drone  
  40  4:07  Drone  
  44  4:12  Drone  
  44  4:15  Overlord  
  45  4:18  Overlord  
  45  4:23  Spore Crawler  
  44  4:25  Drone  
  44  4:27  Overlord  
  44  4:30  Drone  
  44  4:31  Drone  
  47  4:35  Extractor, Drone x2  
  47  4:36  Drone  
  49  4:41  Drone  
  50  4:46  Drone  
  51  5:01  Spore Crawler  
  51  5:05  Drone x3  
  51  5:06  Drone x4  
  57  5:07  Mutalisk  
  57  5:08  Mutalisk x3  
  65  5:15  Queen  
  65  5:19  Mutalisk  
  70  5:21  Drone x2  
  71  5:28  Drone  
  71  5:32  Mutalisk x2  
  71  5:34  Mutalisk  
  78  5:39  Extractor  
  77  5:42  Spore Crawler  
  77  5:43  Extractor  
  77  5:44  Zerg Flyer Weapons Level 1  
  75  5:50  Drone x2  
  75  5:53  Corruptor  
  79  6:01  Mutalisk  
  79  6:02  Overlord  
  79  6:03  Overlord x2  
  81  6:05  Drone  
  82  6:14  Hatchery  
  81  6:21  Mutalisk x2, Overlord x2  
  81  6:22  Mutalisk  
  81  6:23  Drone x2  
  89  6:32  Drone  
  90  6:47  Mutalisk x3  
  96  7:07  Mutalisk x2  
  96  7:09  Mutalisk x2  
  100  7:27  Mutalisk x3  
  106  7:34  Corruptor  
  106  7:35  Drone x5  
  106  7:36  Drone x2, Overlord x2  
  106  7:37  Overlord x5  
  115  7:50  Corruptor x2  
  119  7:58  Overseer  
  119  8:17  Hatchery  
  119  8:19  Drone x5  
  123  8:21  Hatchery, Lair  
  123  8:26  Hatchery  
  117  9:08  Corruptor x3  
  117  9:09  Drone x5  
  129  9:10  Drone x6  
  126  10:11  Mutalisk x2, Corruptor  
  126  10:12  Corruptor x6  
  126  10:13  Corruptor x6  
  156  10:25  Drone x4  
  158  10:35  Evolution Chamber x2  
  156  10:38  Lair, Infestation Pit  
  155  10:43  Zerg Flyer Weapons Level 2  
  155  10:56  Drone x3  
  158  10:57  Drone x2  
  158  10:58  Drone  
  158  11:00  Extractor x2  
  158  11:03  Zerg Missile Weapons Level 1  
  159  11:04  Zerg Ground Armor Level 1  
  159  11:10  Hydralisk Den  
  158  11:12  Metabolic Boost  
  158  11:14  Hatchery  
  158  11:16  Overlord x6  
  158  11:17  Drone  
  158  11:18  Drone x4  
  162  11:24  Extractor  
  162  11:25  Spine Crawler x2, Spore Crawler  
  158  11:26  Extractor, Spine Crawler x2  
  155  11:37  Spore Crawler  
  134  12:04  Mutalisk x2, Hive  
  134  12:05  Mutalisk x5  
  148  12:17  Mutalisk  
  148  12:18  Mutalisk  
  148  12:19  Drone  
  148  12:20  Drone x6  
  153  12:33  Mutalisk x2  
  155  12:41  Drone x5  
  155  12:43  Mutalisk x2  
  164  12:51  Muscular Augments  
  164  12:58  Mutalisk, Zerg Melee Weapons Level 1  
  164  13:00  Overlord x2  
  164  13:01  Drone  
  167  13:06  Extractor  
  166  13:25  Drone x2  
  166  13:26  Drone x8  
  166  13:27  Drone  
  177  13:29  Spine Crawler  
  177  13:30  Spine Crawler  
  177  13:32  Spine Crawler  
  177  13:33  Spine Crawler  
  171  13:35  Mutalisk x6  
  171  13:36  Mutalisk  
  171  13:37  Drone x5  
  190  13:46  Greater Spire  
  188  14:06  Mutalisk x4  
  188  14:08  Drone x3  
  188  14:09  Drone, Zergling x4  
  200  14:12  Overlord x2  
  200  14:27  Zerg Missile Weapons Level 2  
  200  14:37  Spine Crawler x2  
  200  14:38  Spine Crawler  
  197  14:39  Spine Crawler  
  196  14:52  Zerg Ground Armor Level 2  
  185  15:27  Spine Crawler, Mutalisk x4  
  185  15:28  Mutalisk  
  193  15:29  Spine Crawler, Spore Crawler x2  
  193  15:30  Spore Crawler  
  193  15:32  Brood Lord x3  
  193  15:33  Brood Lord x2  
  179  16:10  Spore Crawler  
  162  16:11  Spine Crawler, Spore Crawler  
  162  16:13  Spine Crawler  
  162  16:15  Spine Crawler  
  162  16:16  Mutalisk x6  
  162  16:17  Mutalisk x6  
  162  16:18  Mutalisk  
  184  16:20  Brood Lord x2  
  176  19:31  Hatchery  
  176  19:33  Hatchery  
  176  19:34  Hatchery  
Tags
 
Add a new tag
Caveats
  • Supply blocks, unpowered buildings, or Contaminate may cause inaccurate times.
  • Supply counts are checked every 10 seconds.